 Dungeon Crawl Stone Soup version 0.27.1-4-g1640c2035a (webtiles) character file.

Game seed: 5910505455330638496

54 Stomo444 the Ducker (level 3, 0/28 HPs)
             Began as a Demonspawn Gladiator on Nov 16, 2021.
             Slain by a jackal (2 damage)
             ... on level 2 of the Dungeon.
             The game lasted 00:01:52 (1570 turns).

Stomo444 the Ducker (Demonspawn Gladiator)          Turns: 1570, Time: 00:01:53

Health: 0/28       AC:  4    Str: 15    XL:     3   Next: 66%
Magic:  3/3        EV: 12    Int:  9    God:
Gold:   40         SH:  0    Dex: 14    Spells: 2/2 levels left

rFire    . . .     SeeInvis .   a - +0 flail
rCold    . . .     Faith    .   (no shield)
rNeg     . . .     Spirit   .   b - +0 leather armour
rPois    .         Reflect  .   c - +0 helmet
rElec    .         Harm     .   (no cloak)
rCorr    .         Rampage  .   (no gloves)
Will     .....                  (no boots)
Stlth    +.........             (no amulet)
HPRegen  0.09/turn              (no ring)
MPRegen  0.08/turn              (no ring)

@: no status effects
A: claws 1
a: no special abilities


You were on level 2 of the Dungeon.
You visited 1 branch of the dungeon, and saw 2 of its levels.

You collected 40 gold pieces.

Inventory:

Hand Weapons
 a - a +0 flail (weapon)
Missiles
 d - 2 throwing nets (quivered)
Armour
 b - a +0 leather armour (worn)
 c - a +0 helmet (worn)
Potions
 e - a potion of lignification {unknown}
 f - a potion of might {unknown}
 g - a potion of heal wounds {unknown}


   Skills:
 + Level 2.6 Fighting
 + Level 3.1 Maces & Flails
 - Level 1.7 Throwing
 + Level 1.3 Armour
 + Level 3.1 Dodging


You had 2 spell levels left.
You didn't know any spells.
Your spell library contained the following spells:

 Spells                   Type           Power      Damage    Failure   Level
 Gell's Gravitas          Tloc           0%         N/A       83%         3
 Teleport Other           Tloc           0%         N/A       83%         3
 Dispersal                Tloc           0%         N/A       100%        6


Dungeon Overview and Level Annotations

Branches:
Dungeon (1/15)

Altars:
Yredelemnul


Innate Abilities, Weirdness & Mutations

You have sharp fingernails.


Message History

You hit the jackal but do no damage.
The jackal is heavily wounded.
The jackal bites you.
The jackal bites you but does no damage.
You barely miss the jackal.
The jackal is heavily wounded.
The jackal barely misses you.
You hit the jackal.
You kill the jackal!
You barely miss the worm. The worm bites you but does no damage.
You hit the worm.
The worm is lightly wounded.
You thump the worm!
The worm is heavily wounded.
The worm bites you.
* * * LOW HITPOINT WARNING * * *
You barely miss the worm.
The worm is heavily wounded.
The worm closely misses you.
You sock the worm!
The worm is almost dead.
The worm bites you.
* * * LOW HITPOINT WARNING * * *
You hit the worm.
You kill the worm!
The jackal barks!
You hit the ball python.
You kill the ball python!
Things that are here:
a jackal corpse; a jackal corpse You barely miss the jackal.
The jackal bites you.
* * * LOW HITPOINT WARNING * * *
The jackal bites you but does no damage.
You closely miss the jackal. The jackal misses you.
The jackal bites you but does no damage.
Items here: ( ) ††.
The jackal closely misses you.
You closely miss the jackal. The jackal closely misses you.
The jackal bites you.
You die...

## #.# ...# ....#
########## .....#
#..†.†)h@#######
......##.######........
......$..# #.#######
........## #.######
...####w#######......#
. #......§§§#.####.#
#.#.###§§§.§# #.#
#.#.###..§_.# #.#
####.#)#....§§.####.#


You could see a jackal.

Vanquished Creatures
  2 worms (D:2)
  A dart slug (D:2)
  5 ball pythons
  5 endoplasms
  3 giant cockroaches (D:1)
  2 goblins
  4 hobgoblins
  2 jackals (D:2)
  4 quokkas (D:1)
  4 bats (D:1)
  5 frilled lizards
  3 kobolds
  2 rats (D:1)
42 creatures vanquished.

Vanquished Creatures (others)
  A plant (D:2)
1 creature vanquished.

Grand Total: 43 creatures vanquished

Notes
Turn   | Place    | Note
-------+----------+-------------------------------------------
     0 | D:1      | Stomo444 the Demonspawn Gladiator began the quest for the
                  | Orb.
     0 | D:1      | Reached XP level 1. HP: 16/16 MP: 1/1
   533 | D:1      | Gained mutation: You have sharp fingernails. [demonic
                  | ancestry]
   533 | D:1      | Reached XP level 2. HP: 20/22 MP: 2/2
   959 | D:1      | Reached skill level 1 in Armour
   962 | D:1      | Reached XP level 3. HP: 23/28 MP: 3/3
  1345 | D:1      | You fall into a shaft and drop 1 floor!
  1347 | D:2      | Found a faded altar of an unknown god.
  1381 | D:2      | Found a basalt altar of Yredelemnul.
  1565 | D:2      | HP: 1/28 [jackal (3)]
  1570 | D:2      | Slain by a jackal

Illustrated notes

Levels and vault maps discovered:
D:1:      minmay_arrival_three_doors, layout_loops_cross, st_stairs_10
D:2:      layout_loops_ring, ebering_ecumenical_altar_mist, basic_altar,
          serial_shops, nicolae_shop_overgrown_old_shop

Skill      XL: |  1  2 |
---------------+-------+-----
Maces & Flails | 3 |  3.1
Dodging        | 3 |  3.1
Armour         | 1 |  1.3
Fighting       | |  2.6
Throwing       | |  1.7

Action                   || total
-------------------------++-------
Melee: Flail             ||   154
Throw: Throwing net      ||     1
Armor: Leather armour    ||    52
Dodge: Dodged            ||   104
